 Dungeon Crawl Stone Soup version 0.23-a0-448-g1c01f63 (webtiles) character file.

1457 Dfrag the Firebug (level 8, -2/62 HPs)
             Began as a Naga Fire Elementalist on Nov 21, 2018.
             Was an Initiate of Vehumet.
             Killed by divine providence
             ... invoked by an orc priest
              (12 damage)
             ... on level 6 of the Dungeon.
             The game lasted 00:13:51 (5326 turns).

Dfrag the Firebug (Naga Fire Elementalist)          Turns: 5326, Time: 00:13:51

Health: -2/62      AC:  5    Str: 10    XL:     8   Next: 76%
Magic:  7/16       EV: 10    Int: 18    God:    Vehumet [......]
Gold:   267        SH:  0    Dex: 12    Spells: 5/18 levels left

rFire    . . .     SeeInvis +   t - +0 great mace
rCold    . . .     Gourm    .   (shield currently unavailable)
rNeg     . . .     Faith    .   a - +0 robe
rPois    +         Spirit   .   n - +0 helmet
rElec    .         Reflect  .   (no cloak)
rCorr    .         Harm     .   r - +0 pair of gloves
MR       +....                  (no barding)
Stlth    ++........             (no amulet)
HPRegen  0.20/turn              (no ring)
MPRegen  0.15/turn              (no ring)

@: very slow
A: large, see invisible, deformed body, poison resistance, slowness 2, slow
metabolism 1, spit poison 1, AC +2
a: Spit Poison, Renounce Religion


You were on level 6 of the Dungeon.
You worshipped Vehumet.
Vehumet was noncommittal.
You were near starving.

You visited 2 branches of the dungeon, and saw 7 of its levels.

You collected 267 gold pieces.

Inventory:

Hand Weapons
 g - a +0 battleaxe
 t - a +0 great mace (weapon)
Armour
 a - a +0 robe (worn)
 n - a +0 helmet (worn)
 r - a +0 pair of gloves (worn)
Magical Staves
 f - an uncursed staff of cold
Scrolls
 d - 4 scrolls of remove curse
 e - 3 scrolls of amnesia
 h - a scroll of noise
 j - a scroll of fear
 l - 3 scrolls of enchant weapon
 m - a scroll of enchant armour
 q - a scroll of blinking
 w - a scroll of teleportation {unknown}
Potions
 b - 2 potions of curing
 i - 2 potions of invisibility
 k - 2 potions of brilliance
 o - 2 potions of degeneration {unknown}
 p - 3 potions of flight {unknown}
 s - a potion of haste {unknown}
Comestibles
 c - 10 rations


   Skills:
 - Level 1.5 Dodging
 - Level 3.0 Stealth
 + Level 5.8 Spellcasting
 + Level 6.1 Conjurations
 + Level 6.8 Fire Magic


You had 5 spell levels left.
You knew the following spells:

 Your Spells              Type           Power        Failure   Level  Hunger
a - Flame Tongue          Conj/Fire      ####.        1%          1    None
b - Conjure Flame         Conj/Fire      ####....     2%          3    ##.....
c - Sticky Flame          Conj/Fire      ####....     9%          4    ####...
d - Fireball              Conj/Fire      ####......   24%         5    #####..

Your spell library contained the following spells:

 Spells                   Type           Power        Failure   Level  Hunger
 Magic Dart               Conj           ####         1%          1    None
 Throw Flame              Conj/Fire      ####..       1%          2    None
 Inner Flame              Hex/Fire       ###.....     9%          3    ##.....
 Mephitic Cloud           Conj/Pois/Air  ##......     16%         3    ##.....
 Blink                    Tloc           N/A          19%         2    None
 Call Imp                 Summ           #.......     19%         2    None
 Slow                     Hex            #.......     19%         2    None


Dungeon Overview and Level Annotations

Branches:
Dungeon (6/15)             Temple (1/1) D:6

Altars:
Ashenzari
Dithmenos
Elyvilon
Fedhas
Gozag
Nemelex Xobeh
Okawaru
Ru
Sif Muna
Trog
Uskayaw
Vehumet
Wu Jian
Yredelemnul
Zin


Innate Abilities, Weirdness & Mutations

You cannot wear boots.
Your serpentine skin is tough. (AC +2)
You have supernaturally acute eyesight. (SInv)
Armour fits poorly on your strangely shaped body.
Your system is resistant to poisons. (rPois)
You cover ground very slowly.
You have a slow metabolism.
You can spit poison.


Message History

You kill the orc!
Vehumet accepts your kill. The crimson imp closely misses you.
You barely miss the crimson imp.
The crimson imp hits you but does no damage.
The crimson imp hits you.
* * * LOW HITPOINT WARNING * * *
You hit the crimson imp.
The crimson imp is moderately wounded.
The crimson imp misses you.
You closely miss the crimson imp.
The crimson imp is moderately wounded.
The crimson imp barely misses you. The crimson imp hits you.
* * * LOW HITPOINT WARNING * * *
You miss the crimson imp.
The crimson imp is lightly wounded.
The crimson imp closely misses you.
The orc priest calls down the wrath of Beogh upon you.
Beogh smites you!
You die...

...#...........#.#'###...........
...#...........#.#.# #...####....
............5..'(..# #...####....
).)............#.#######.........
...............#)###.............
..##...........#..........>......
..##....5.....##..........####...
..##..........##..........# #...
..##...........#@#############...
..###....###'#.#5# #.............
...##....'.....oo# #.............
...##....#.......# #.............
...##....#......5###..........#..
...##....#.......).o..........#..
...##....#....................#..
...#####.#.......................
................>.)..............


You could see an orc priest, 2 crimson imps and an orc.

Vanquished Creatures
  Eustachio (D:5)
  Menkaure (D:5)
  Duvessa (D:4)
  A phantom (D:5)
  2 ogres (D:6)
  A centaur (D:6)
  A bullfrog (D:4)
  Dowan (D:4)
  A scorpion (D:6)
  2 howler monkeys (D:6)
  A crimson imp (D:5)
  An orc priest (D:6)
  A jelly (D:5)
  An orc wizard (D:5)
  2 centaur skeletons (D:4)
  Jessica (D:3)
  An iguana (D:4)
  A worker ant (D:6)
  A hound skeleton (D:5)
  6 gnolls
  7 adders
  2 shadow imps (D:5)
  2 oozes (D:4)
  A worm (D:2)
  A dart slug (D:2)
  3 leopard geckos
  9 orcs
  5 bats
  16 giant cockroaches
  7 goblins
  9 hobgoblins
  10 jackals
  3 ball pythons
  7 frilled lizards
  2 kobolds (D:1)
  10 rats
122 creatures vanquished.

Notes
Turn   | Place    | Note
-------+----------+-------------------------------------------
     0 | D:1      | Dfrag the Naga Fire Elementalist began the quest for the
                  | Orb.
     0 | D:1      | Reached XP level 1. HP: 15/15 MP: 3/3
   119 | D:1      | Reached XP level 2. HP: 22/22 MP: 0/5
   290 | D:1      | Reached XP level 3. HP: 11/28 MP: 6/6
   749 | D:2      | Found a basalt altar of Yredelemnul.
   771 | D:2      | Found a white marble altar of Elyvilon.
  1089 | D:2      | Learned a level 3 spell: Conjure Flame
  1135 | D:2      | Reached XP level 4. HP: 27/36 MP: 4/8
  1225 | D:2      | Learned a level 4 spell: Sticky Flame
  1539 | D:2      | Found a sacrificial altar of Ru.
  1669 | D:3      | Noticed Jessica
  1674 | D:3      | Killed Jessica
  1678 | D:3      | Reached XP level 5. HP: 41/42 MP: 1/9
  1754 | D:3      | Found an ornate altar of the Wu Jian Council.
  1873 | D:3      | Found an opulent altar of Gozag.
  1874 | D:3      | Found a sparkling altar of Nemelex Xobeh.
  2602 | D:5      | Entered Level 5 of the Dungeon
  2604 | D:5      | Noticed Eustachio
  2618 | D:5      | Found a hide-covered altar of Uskayaw.
  2677 | D:5      | Killed Eustachio
  2677 | D:5      | Reached XP level 6. HP: 23/49 MP: 6/11
  2925 | D:5      | Noticed Menkaure
  2932 | D:5      | Reached skill level 5 in Fire Magic
  2932 | D:5      | Reached XP level 7. HP: 23/55 MP: 3/13
  2933 | D:5      | Killed Menkaure
  3342 | D:4      | Noticed Dowan
  3602 | D:4      | Noticed Duvessa
  3611 | D:4      | Killed Duvessa
  3615 | D:4      | Killed Dowan
  3615 | D:4      | Reached skill level 5 in Conjurations
  3615 | D:4      | Reached XP level 8. HP: 24/62 MP: 1/15
  3800 | D:4      | Reached skill level 5 in Spellcasting
  3907 | D:4      | Found a hide-covered altar of Uskayaw.
  3910 | D:4      | Noticed a +0 dagger
  3911 | D:4      | Noticed a -2 hand axe
  3933 | D:4      | Learned a level 5 spell: Fireball
  4304 | D:6      | Found a staircase to the Ecumenical Temple.
  4313 | Temple   | Entered the Ecumenical Temple
  4345 | Temple   | Became a worshipper of Vehumet
  5326 | D:6      | Killed from afar by an orc priest

Vault maps used:
D:1:      evilmike_arrival_rings
D:2:      minmay_roachtagon, marbit_many_paths, nicolae_overflow_crystal_walls,
          first_ration, elyvilon_altar_5
D:3:      minmay_wonky_spiral, grunt_temple_overflow_opulence,
          lemuel_crystal_altar, uniq_jessica
D:4:      dancing_weapons_uskayaw, uniq_duvessa
D:5:      basic_altar, roderic_serpentine_path, uniq_menkaure, uniq_eustachio
D:6:      minmay_temple_entry_statues
Temple:   nicolae_temple_elliptical

Skill      XL: |  1  2  3  4  5  6  7  8 |
---------------+-------------------------+-----
Conjurations   | 2 3 4 5 6 |  6.1
Spellcasting   | 3 4 5 |  5.8
Fire Magic     | 4 5 6 |  6.8
Dodging        | |  1.5
Stealth        | |  3.0

Action                   |  1- 3 |  4- 6 |  7- 9 || total
-------------------------+-------+-------+-------++-------
Melee: Unarmed           |    12 |       |       ||    12
       Battleaxe         |     4 |    28 |   118 ||   150
       Staff             |       |       |    59 ||    59
       Great mace        |       |       |    10 ||    10
 Cast: Flame Tongue      |    43 |    46 |    48 ||   137
       Conjure Flame     |       |     1 |       ||     1
       Sticky Flame      |       |     4 |    17 ||    21
 Abil: Spit Poison       |    30 |    10 |    12 ||    52
  Use: Potion            |     1 |       |     2 ||     3
       Scroll            |       |     3 |     6 ||     9
 Stab: Sleeping          |       |     3 |     1 ||     4
       Invisible         |       |       |     1 ||     1
  Eat: Chunk             |     3 |     6 |     9 ||    18
Armor: Robe              |    14 |    52 |   141 ||   207
Dodge: Dodged            |    33 |    74 |   232 ||   339

Table legend:
 A = Non-vault XP
 B = Vault XP
 C = Vault XP percentage of total XP
 D = Non-vault monster count
 E = Vault monster count
 F = Vault count percentage of total count
                 A         B        C        D         E       F
            +---------+---------+-------+---------+---------+-------
      Total |    1420 |     662 |  31.8 |     103 |      19 |  15.6
            +---------+---------+-------+---------+---------+-------
        D:1 |      42 |       0 |   0.0 |      25 |       0 |   0.0
        D:2 |      59 |      22 |  27.2 |      21 |      11 |  34.4
        D:3 |      20 |      44 |  68.8 |       6 |       4 |  40.0
        D:4 |     302 |     230 |  43.2 |      16 |       2 |  11.1
        D:5 |     335 |     366 |  52.2 |      16 |       2 |  11.1
        D:6 |     662 |       0 |   0.0 |      19 |       0 |   0.0
            +---------+---------+-------+---------+---------+-------
